 Dungeon Crawl Stone Soup version 0.26-a0-8-gc4d20be (webtiles) character file.

Game seed: 18039802379412250707, levelgen mode: deterministic

569 Firecrotchwizard the Ruffian (level 7, 0/61 HPs)
             Began as a Ghoul Fighter on May 25, 2020.
             Slain by a slave (7 damage)
             ... led by Pikel
             ... on level 4 of the Dungeon.
             The game lasted 00:08:03 (3432 turns).

Firecrotchwizard the Ruffian (Ghoul Fighter)        Turns: 3432, Time: 00:08:04

Health: 0/61       AC: 10    Str: 20    XL:     7   Next: 33%
Magic:  6/6        EV:  5    Int:  5    God:
Gold:   133        SH:  9    Dex:  8    Spells: 6/6 levels left

rFire    + . .     SeeInvis .     - Unarmed
rCold    + + .     Gourm    .   b - +0 kite shield
rNeg     + + +     Faith    .   f - +0 chain mail
rPois    ∞         Spirit   .   r - +0 helmet
rElec    .         Reflect  .   l - scarf {rC+ rF+}
rCorr    .         Harm     .   (no gloves)
MR       +....                  (no boots)
Stlth    ..........             (no amulet)
HPRegen  0.00/turn              n - ring of protection from magic {MR+, !d}
MPRegen  0.10/turn              (no ring)

@: rotting
A: rotting body, claws 1, carnivore, cold resistance 1, negative energy
resistance 3, inhibited regeneration, torment resistance, unbreathing
a: no special abilities


You were on level 4 of the Dungeon.
You were not hungry.

You visited 1 branch of the dungeon, and saw 4 of its levels.

You collected 133 gold pieces.

Inventory:

Armour
 a - a +0 scale mail
 b - a +0 kite shield (worn)
 f - a +0 chain mail (worn)
   (You found it on level 2 of the Dungeon)
 g - a +0 pair of gloves
   (You found it on level 1 of the Dungeon)
 l - a scarf of resistance (worn)
   (You found it on level 1 of the Dungeon)
 r - a +0 helmet (worn)
   (You found it on level 2 of the Dungeon)
Jewellery
 n - a ring of protection from magic (left claw) {MR+, !d}
   (You found it on level 1 of the Dungeon)
Wands
 i - a wand of polymorph (8)
   (You found it on level 2 of the Dungeon)
Scrolls
 e - a scroll of enchant weapon {unknown}
 k - a scroll of blinking {unknown}
 m - 3 scrolls of remove curse {unknown}
 o - 3 scrolls of identify {unknown}
 p - 3 scrolls of teleportation {unknown}
 t - 5 scrolls of random uselessness {unknown}
 v - a scroll of noise {unknown}
Potions
 c - a potion of might
 h - 3 potions of heal wounds {unknown}
 j - a potion of stabbing {unknown}
 s - 3 potions of degeneration {unknown}
 u - a potion of lignification {unknown}
Comestibles
 d - 6 rations
 q - 2 chunks of flesh {@w0}


   Skills:
 + Level 5.2 Fighting
 - Level 2.6 Armour
 + Level 4.3 Shields
 * Level 6.2 Unarmed Combat


You had 6 spell levels left.
You didn't know any spells.
Your spell library contained the following spells:

 Spells                   Type           Power        Failure   Level  Hunger
 Magic Dart               Conj           #...         100%        1    ##.....
 Blink                    Tloc           N/A          100%        2    ###....
 Call Imp                 Summ           #.......     100%        2    ###....
 Slow                     Hex            #.......     100%        2    ###....
 Conjure Flame            Conj/Fire      #.......     100%        3    ####...
 Mephitic Cloud           Conj/Pois/Air  #.......     100%        3    ####...


Dungeon Overview and Level Annotations

Branches:
Dungeon (4/15)
 Temple: D:4-7

Altars:
Trog

Annotations:
D:4 Pikel


Innate Abilities, Weirdness & Mutations

Your body is rotting away.
You thrive on raw meat.
You are immune to poison.
You have sharp fingernails.
You are carnivorous and can eat meat at any time.
Your flesh is cold resistant. (rC+)
You are immune to negative energy. (rN+++)
You do not regenerate when monsters are visible.
You are immune to unholy pain and torment.
You can survive without breathing.


Message History

The hound is too close now for your liking.
A hound is nearby!
Your shield and chain mail prevent you from hitting the hound.
The hound bites you but does no damage.
You claw the hound! You block the hound's attack.
The hound bites you but does no damage.
You closely miss the hound. You block the hound's attack.
You claw the hound! The hound bites you but does no damage.
You claw the hound!
You kill the hound!
No target in view!
You may need something to eat soon, looking for food.
Can't find anything matching that.
Sorry, you're not good enough to have a special ability.
You butcher the hound corpse.
q - 3 chunks of flesh {@w0} You see here a hound skeleton. x2
s - 3 fizzy black potions (gained 1)
A worker ant comes into view.
The worker ant twitches its antennae in your direction.
The worker ant waves its antennae.
The worker ant bites you but does no damage.
You scratch the worker ant.
You feel your flesh rotting away. You block the worker ant's attack.
The worker ant bites you but does no damage.
You take 1 damage, and have 60/60 hp.
You scratch the worker ant. You block the worker ant's attack.
You barely miss the worker ant. You block the worker ant's attack.
You scratch the worker ant. The worker ant barely misses you.
You claw the worker ant!
You kill the worker ant!
No target in view!
Autoeating chunks.
Eating one of 3 chunks of flesh {@w0}.
You eat one of the 3 chunks of flesh {@w0}.
You feel more resilient.
This raw flesh tastes great!
You may need something to eat soon, looking for food.
Can't find anything matching that.
Sorry, you're not good enough to have a special ability.
A slave comes into view.
The slave shouts!
You hear a shout!
The slave moves out of view.
Health restored: 61 Pikel the Slaver comes into view.
He is wielding a +2 whip of freezing.
Pikel waves his whip at you.
You closely miss the slave. The slave hits you.
You take 3 damage, and have 58/61 hp.
You scratch the slave but do no damage. You block the slave's attack.
You closely miss the slave. You block the slave's attack.
A slave comes into view.
You closely miss the slave.
The slave shouts!
You block the slave's attack.
You scratch Pikel.
A slave comes into view.
You block Pikel's attack. The slave hits you but does no damage.
Your chain mail prevents you from hitting Pikel.
The slave shouts!
A slave comes into view.
Pikel hits you with a +2 whip of freezing.
The slave hits you but does no damage.
You take 4 damage, and have 54/61 hp.
You scratch Pikel but do no damage. Pikel barely misses you.
The slave hits you but does no damage.
You closely miss Pikel.
Pikel hits you with a +2 whip of freezing!
Pikel freezes you. The slave hits you but does no damage.
You take 9 damage, and have 45/61 hp.
You claw Pikel!
Pikel drinks a potion.
Pikel seems to grow stronger.
The slave hits you but does no damage.
You closely miss Pikel. You block Pikel's attack. You block the slave's attack.
You closely miss Pikel.
Pikel hits you with a +2 whip of freezing.
You take 2 damage, and have 43/61 hp.
You claw Pikel! You block the slave's attack.
Pikel hits you with a +2 whip of freezing!
You block the slave's attack.
You take 8 damage, and have 35/61 hp.
You closely miss Pikel.
Pikel hits you with a +2 whip of freezing!
The slave hits you but does no damage.
You take 11 damage, and have 24/61 hp.
You scratch Pikel. The slave hits you but does no damage.
You block Pikel's attack. You block the slave's attack.
Your chain mail prevents you from hitting Pikel.
The slave hits you.
Pikel hits you with a +2 whip of freezing!
* * * LOW HITPOINT WARNING * * *
Pikel freezes you.
* * * LOW HITPOINT WARNING * * *
The slave hits you but does no damage.
You take 12 damage, and have 12/61 hp.
Your shield and chain mail prevent you from hitting Pikel.
The slave hits you but does no damage.
Pikel hits you with a +2 whip of freezing.
* * * LOW HITPOINT WARNING * * *
The slave hits you!
You die...

..###.. .#.#..# ..........
##..#..# .........#
8#..#..# ....#....# ..#..#
.........## .#..###
..........########8.#.##
#..............#.#..#..#
.##.........##............
#........p@##.##..........#
.........K#pp.##..........#
..........#p#...........###
#...............(.....##
...............#......###
...............##...÷...##
...#....#.....###..#.....
.##....#......##..##...#
#...........##....#.##


You could see Pikel (strong) and 4 slaves.

Vanquished Creatures
  Eustachio (D:3)
  A howler monkey (D:4)
  3 hounds (D:4)
  2 orc wizards (D:4)
  A bullfrog skeleton (D:4)
  An orc priest (D:4)
  3 worker ants
  2 adders
  An ooze (D:3)
  An adder skeleton (D:4)
  3 worms
  2 dart slugs (D:3)
  5 leopard geckos
  5 orcs
  6 giant cockroaches
  8 goblins
  6 hobgoblins
  2 jackals (D:3)
  3 quokkas
  2 ball pythons (D:1)
  4 bats
  4 frilled lizards
  A jackal skeleton (D:4)
  7 kobolds
  6 rats
80 creatures vanquished.

Notes
Turn   | Place    | Note
-------+----------+-------------------------------------------
     0 | D:1      | Firecrotchwizard the Ghoul Fighter began the quest for the
                  | Orb.
     0 | D:1      | Reached XP level 1. HP: 19/19 MP: 0/0
   173 | D:1      | Reached XP level 2. HP: 20/26 MP: 1/1
   500 | D:1      | Reached skill level 3 in Unarmed Combat
   586 | D:1      | Reached skill level 3 in Shields
   708 | D:1      | Reached XP level 3. HP: 31/31 MP: 2/2
  1872 | D:3      | Reached XP level 4. HP: 40/40 MP: 3/3
  2579 | D:4      | Noticed an ogre
  2656 | D:4      | Found a bloodstained altar of Trog.
  2660 | D:4      | Reached skill level 4 in Fighting
  2669 | D:4      | Reached skill level 4 in Unarmed Combat
  2669 | D:4      | Reached XP level 5. HP: 40/46 MP: 4/4
  2716 | D:4      | HP: 9/46 [worm (4)]
  2721 | D:4      | HP: 7/46 [hound (2)]
  3060 | D:4      | Noticed Eustachio
  3115 | D:4      | Reached XP level 6. HP: 45/53 MP: 5/5
  3170 | D:4      | Reached skill level 5 in Unarmed Combat
  3192 | D:3      | Killed Eustachio
  3192 | D:3      | Reached skill level 4 in Shields
  3256 | D:4      | Reached skill level 5 in Fighting
  3259 | D:4      | Reached XP level 7. HP: 57/61 MP: 6/6
  3308 | D:4      | Reached skill level 6 in Unarmed Combat
  3407 | D:4      | Noticed Pikel
  3431 | D:4      | HP: 13/61 [Pikel/+2 whip of freezing (7)]
  3432 | D:4      | Slain by a slave

Illustrated notes

Levels and vault maps discovered:
D:1:      elethiomel_arrival_infinity_welcomes_careful_drivers,
          layout_loops_ring
D:2:      layout_loops_ring, roderic_serpentine_path
D:3:      layout_basic, first_ration, portal_sewer_entry_f
D:4:      layout_cave_pools, serial_shops, nicolae_shop_statue_plus,
          biasface_ghost_orc_armoury, bloody_trog, uniq_eustachio, uniq_pikel

Skill      XL: |  1  2  3  4  5  6  7 |
---------------+----------------------+-----
Unarmed Combat | 3 4 5 6 |  6.2
Shields        | 3 4 |  4.3
Fighting       | 4 5 |  5.2
Armour         | |  2.6

Action                   |  1- 3 |  4- 6 |  7- 9 || total
-------------------------+-------+-------+-------++-------
Melee: Unarmed           |   149 |   179 |    38 ||   366
  Eat: Chunk             |    11 |    11 |     7 ||    29
Armor: Scale mail        |    44 |       |       ||    44
       Chain mail        |    33 |   120 |    22 ||   175
Dodge: Dodged            |    39 |    27 |     2 ||    68
Block: Kite shield       |    75 |    96 |    20 ||   191

Table legend:
 A = Non-vault XP
 B = Vault XP
 C = Vault XP percentage of total XP
 D = Non-vault monster count
 E = Vault monster count
 F = Vault count percentage of total count
                 A         B        C        D         E       F
            +---------+---------+-------+---------+---------+-------
      Total |     608 |     205 |  25.2 |      73 |       7 |   8.8
            +---------+---------+-------+---------+---------+-------
        D:1 |      39 |       0 |   0.0 |      24 |       0 |   0.0
        D:2 |      14 |       0 |   0.0 |       7 |       0 |   0.0
        D:3 |      92 |     205 |  69.0 |      21 |       7 |  25.0
        D:4 |     463 |       0 |   0.0 |      21 |       0 |   0.0
            +---------+---------+-------+---------+---------+-------

Levels and vault maps discovered:
D:1:      elethiomel_arrival_infinity_welcomes_careful_drivers,
          layout_loops_ring
D:2:      layout_loops_ring, roderic_serpentine_path
D:3:      layout_basic, first_ration, portal_sewer_entry_f
D:4:      layout_cave_pools, serial_shops, nicolae_shop_statue_plus,
          biasface_ghost_orc_armoury, bloody_trog, uniq_eustachio, uniq_pikel

Table legend:
 A = Turns spent in this place as a percentage of turns spent in the entire game.
 B = Non-inter-level travel turns spent in this place as a percentage of non-inter-level travel turns spent in the entire game.
 C = Inter-level travel turns spent in this place as a percentage of turns spent in this place.
 D = Turns resting spent in this place as a percentage of non-inter-level travel turns spent in this place.
 E = Turns spent auto-exploring this place as a percentage of non-inter-level travel turns spent in this place.
 F = Non-inter-level travel turns spent in this place divided by the number of levels of this place that you've seen.
                   A       B       C       D       E      F
               +-------+-------+-------+-------+-------+----------------------
         Total | 100.0 | 100.0 |   5.7 |   7.9 |  64.1 | 809.2
       Dungeon | 100.0 | 100.0 |   5.7 |   7.9 |  64.1 | 809.2
               +-------+-------+-------+-------+-------+----------------------

Table legend:
 A = Kills in this place as a percentage of kills in entire the game.
 B = Kills by you in this place as a percentage of kills by you in the entire game.
 C = Kills by friends in this place as a percentage of kills by friends in the entire game.
 D = Other kills in this place as a percentage of other kills in the entire game.
 E = Experience gained in this place as a percentage of experience gained in the entire game.
 F = Experience gained in this place divided by the number of levels of this place that you have seen.
                   A       B       C       D       E      F
               +-------+-------+-------+-------+-------+----------------------
         Total | 100.0 | 100.0 |   N/A |   N/A | 100.0 | 203.2
       Dungeon | 100.0 | 100.0 |   N/A |   N/A | 100.0 | 203.2
               +-------+-------+-------+-------+-------+----------------------
